Construct Section Command Post
Selects Australian Defense Battlegroup
Selects Australian Light Infantry Section
Australian Light Infantry Section
Construct Field Infirmary
Australian Light Infantry Section
Selects 2-pounder Anti-tank Gun Team
Construct Platoon Command Post
Unlock M3 Stuart Light Tanks
Selects CMP 15cwt Supply Run
6-pounder Anti-tank Gun Team
Selects Artillery Trip Wire Flares
Unlock Bishop Self-propelled Artillery
Bishop Self-propelled Artillery